 Dungeon Crawl Stone Soup version 0.23.2 (webtiles) character file.

Game seed: 1541666592627871529

149 Menchi the Sneak (level 5, 0/32 HPs)
             Began as a Kobold Assassin on Apr 10, 2019.
             Was a Follower of Dithmenos.
             Slain by Robin
             ... wielding a +1 spear of freezing
              (3 damage)
             ... on level 4 of the Dungeon.
             The game lasted 00:05:23 (2396 turns).

Menchi the Sneak (Kobold Assassin)                  Turns: 2396, Time: 00:05:23

Health: 0/32       AC:  4    Str:  9    XL:     5   Next: 56%
Magic:  5/5        EV: 17    Int: 12    God:    Dithmenos [*.....]
Gold:   105        SH:  0    Dex: 17    Spells: 4/4 levels left

rFire    . . .     SeeInvis .   a - +1 short sword (venom)
rCold    . . .     Gourm    .   (shield restricted)
rNeg     . . .     Faith    .   c - +0 robe
rPois    .         Spirit   .   (no helmet)
rElec    .         Reflect  .   d - +0 cloak
rCorr    .         Harm     .   (no gloves)
MR       .....                  y - +0 pair of boots
Stlth    ++++......             (no amulet)
HPRegen  0.10/turn              v - ring of wizardry
MPRegen  0.09/turn              (no ring)

@: wreathed by umbra
A: small, carnivore
a: Renounce Religion


You were on level 4 of the Dungeon.
You worshipped Dithmenos.
Dithmenos was aware of your devotion.
You were completely stuffed.

You visited 1 branch of the dungeon, and saw 4 of its levels.

You collected 105 gold pieces.

Inventory:

Hand Weapons
 a - a +1 short sword of venom (weapon)
 b - a +0 blowgun
 A - a +3 long sword
Missiles
 e - 38 poisoned needles
 f - 2 curare-tipped needles
Armour
 c - a +0 robe (worn)
 d - a +0 cloak (worn)
 y - a +0 pair of boots (worn)
Jewellery
 v - a ring of wizardry (left hand)
Scrolls
 j - 3 scrolls of teleportation {unknown}
 m - 4 scrolls of identify {unknown}
 n - a scroll of amnesia {unknown}
 p - a scroll of noise {unknown}
 s - a scroll of remove curse {unknown}
 u - a scroll of blinking {unknown}
 w - a scroll of random uselessness {unknown}
 x - 2 scrolls of fog {unknown}
 z - a scroll of enchant armour {unknown}
Potions
 h - a potion of brilliance {unknown}
 k - a potion of heal wounds {unknown}
 l - 4 potions of curing
 o - a potion of degeneration {unknown}
 q - 2 potions of invisibility {unknown}
 r - a potion of lignification {unknown}
 t - 2 potions of haste {unknown}
Comestibles
 g - 7 rations
 i - 2 chunks of flesh


   Skills:
 + Level 2.8 Fighting
 + Level 4.6 Short Blades
 - Level 2.1 Throwing
 * Level 3.9 Dodging
 * Level 5.9 Stealth


You had 4 spell levels left.
You didn't know any spells.
Your spell library was empty.

Dungeon Overview and Level Annotations

Branches:
Dungeon (4/15)
 Temple: D:4-7

Altars:
Dithmenos
Ru

Annotations:
D:4 Robin


Innate Abilities, Weirdness & Mutations

You are small and have problems with some larger weapons.
You are carnivorous and can eat meat at any time.


Message History

Dithmenos accepts your kill. Robin throws the goblin at you!
The goblin hits you but does no damage.
You hit the hobgoblin.
The hobgoblin is poisoned.
The hobgoblin is heavily wounded.
The hobgoblin closely misses you. Robin misses you.
The goblin closely misses you.
You hit the goblin.
You kill the goblin!
Dithmenos accepts your kill.
The hobgoblin hits you but does no damage.
Robin hits you from afar with a +1 spear of freezing.
* * * LOW HITPOINT WARNING * * *
Robin freezes you.
* * * LOW HITPOINT WARNING * * *
You hit the hobgoblin but do no damage.
The hobgoblin looks even sicker.
The hobgoblin is severely wounded.
Robin hits you from afar with a +1 spear of freezing.
* * * LOW HITPOINT WARNING * * *
Robin freezes you.
You die...

######..##
#........####
#.<...⌠...'(#
#........##.#
######..##..#
.###.#.#.###.##
.......####..#
........g##)##
........gg@)#
...."....####
.........#
.............#
...^.).#######
#..#... .. #...
. #.#. ##..


You could see Robin and 2 hobgoblins.

Vanquished Creatures
  6 adders
  A worm (D:2)
  A dart slug (D:3)
  3 leopard geckos
  2 giant cockroaches
  12 hobgoblins
  5 jackals
  13 kobolds
  A quokka (D:3)
  13 bats
  8 frilled lizards
  13 goblins
  8 rats
86 creatures vanquished.

Notes
Turn   | Place    | Note
-------+----------+-------------------------------------------
     0 | D:1      | Menchi the Kobold Assassin began the quest for the Orb.
     0 | D:1      | Reached XP level 1. HP: 12/12 MP: 1/1
    66 | D:1      | Reached XP level 2. HP: 16/17 MP: 2/2
   270 | D:1      | Reached XP level 3. HP: 22/22 MP: 3/3
   745 | D:2      | Reached XP level 4. HP: 27/27 MP: 4/4
  1068 | D:2      | Found a shadowy altar of Dithmenos.
  1104 | D:2      | Became a worshipper of Dithmenos the Shadowed
  1404 | D:3      | Reached XP level 5. HP: 31/31 MP: 5/5
  1967 | D:3      | Found a sacrificial altar of Ru.
  2354 | D:4      | Noticed Robin
  2379 | D:4      | Reached * piety under Dithmenos
  2396 | D:4      | Slain by Robin

Skill      XL: |  1  2  3  4 |
---------------+-------------+-----
Short Blades   | 3 4 |  4.6
Dodging        | 2 3 |  3.9
Fighting       | |  2.8
Throwing       | |  2.1
Stealth        | |  5.9

Action                   |  1- 3 |  4- 6 || total
-------------------------+-------+-------++-------
Melee: Dagger            |   115 |       ||   115
       Short sword       |     1 |    84 ||    85
  Use: Potion            |       |     1 ||     1
 Stab: Sleeping          |     7 |    17 ||    24
       Distracted        |     1 |       ||     1
  Eat: Chunk             |     8 |     5 ||    13
Armor: Robe              |    25 |     8 ||    33
Dodge: Dodged            |   124 |    56 ||   180
